 Dungeon Crawl Stone Soup version 0.28-a0-1429-gf3d713df7a (webtiles) character file.

Game seed: 2203103698183753509

64157 Deminshera the Warrior (level 14, -7/117 (123) HPs)
             Began as a Demonspawn Hedge Wizard on Jan 8, 2022.
             Was a High Priest of Ru.
             Mangled by a minotaur (19 damage)
             ... on level 6 of the Lair of Beasts.
             The game lasted 00:57:29 (31406 turns).

Deminshera the Warrior (Demonspawn Hedge Wizard)   Turns: 31406, Time: 00:57:30

HP:   -7/117 (123)  AC: 15    Str:  7    XL:     14   Next: 70%
MP:   28/38         EV: 11    Int: 24    God:    Ru [*****.]
Gold: 1373          SH:  0    Dex: 18    Spells: 11/33 levels left

rFire   + + +      SeeInvis +   g - +9 shortbow "Noodudea" {flame, rPois rF+ rC++ Str-3}
rCold   + + +      Faith    .   (shield currently unavailable)
rNeg    . . .      Spirit   .   s - +2 robe {Will+}
rPois   +          Reflect  .   j - +3 hat of Pondering {ponderous, Will+ MP+10 Int+5}
rElec   +          Harm     .   d - scarf {rC+ rF+}
rCorr   .          Rampage  .   (gloves unavailable)
Will    +++..                   (no boots)
Stlth   ++........              i - amulet of regeneration
HPRegen 1.09/turn               h - +4 ring of protection
MPRegen 0.26/turn               E - ring "Luitemoh" {rElec rPois Dex+3 SInv}

@: about to teleport, studying Short Blades, lightly drained, slow
A: molten scales 3, spiny 1, inability to use devices, inability to train
dodging, inability to train armour, demonic touch 3
a: Renounce Religion, Draw Out Power, Power Leap, Apocalypse


You were on level 6 of the Lair of Beasts.
You worshipped Ru.
Ru was extremely pleased with you.
You visited 3 branches of the dungeon, and saw 18 of its levels.
You also visited: Sewer, Bailey and Gauntlet.

You collected 1373 gold pieces.

Inventory:

Hand Weapons
 g - the +9 shortbow "Noodudea" (weapon) {flame, rPois rF+ rC++ Str-3}
   (You found it on level 9 of the Dungeon)

   Any ammunition fired from it burns those it strikes, dealing additional fire
   damage.
   Str:       It affects your strength (-3).
   rF:        It protects you from fire.
   rC:        It greatly protects you from cold.
   rPois:     It protects you from poison.
 F - the +9 trident of Intimidation {pain, rF+ Str+3}
   (You found it in a Gauntlet)

   In the hands of one skilled in necromantic magic, it inflicts extra damage on
   living creatures.
   Str:       It affects your strength (+3).
   rF:        It protects you from fire.
Missiles
 k - 304 arrows (quivered ammo)
 D - a throwing net
Armour
 d - a scarf of resistance (worn)
 j - the +3 hat of Pondering (worn) {ponderous, Will+ MP+10 Int+5}
   (You took it off Gastronok on level 8 of the Dungeon)

   Int:       It affects your intelligence (+5).
   MP:        It affects your magic capacity (+10).
   Will:      It increases your willpower.
 s - a +2 robe of willpower (worn)
Jewellery
 h - a +4 ring of protection (left hand)
 i - an amulet of regeneration (around neck)
 l - a ring of ice
 C - an amulet of reflection
 E - the ring "Luitemoh" (right hand) {rElec rPois Dex+3 SInv}
   (You found it in a Gauntlet)

   [ring of see invisible]

   Dex:       It affects your dexterity (+3).
   rElec:     It insulates you from electricity.
   rPois:     It protects you from poison.
   SInv:      It lets you see invisible.
Scrolls
 c - 3 scrolls of fear
 f - 4 scrolls of enchant armour
 m - 9 scrolls of teleportation
 q - 5 scrolls of immolation
 t - 3 scrolls of blinking
 u - a scroll of amnesia
 w - 4 scrolls of enchant weapon
 y - 3 scrolls of brand weapon
Potions
 a - 5 potions of cancellation
 b - a potion of ambrosia
 e - 9 potions of curing
 n - a potion of attraction
 o - 2 potions of berserk rage
 p - 5 potions of magic
 r - 4 potions of lignification
 v - 2 potions of heal wounds
 x - 6 potions of might
 z - 3 potions of haste
 A - a potion of invisibility
 B - 2 potions of mutation


   Skills:
 - Level 15.0 Fighting
 + Level 8.6 Bows
 - Level 2.0 Stealth
 - Level 10.0 Spellcasting
 - Level 8.0 Conjurations
 - Level 2.0 Hexes
 - Level 1.0 Summonings
 - Level 0.8 Translocations
 - Level 6.8 Transmutations
 - Level 8.0 Fire Magic
 - Level 2.0 Air Magic
 - Level 6.8 Earth Magic
 - Level 2.0 Poison Magic


You had 11 spell levels left.
You knew the following spells:

 Your Spells              Type           Power      Damage    Failure   Level
a - Magic Dart            Conj           100%       1d8       1%          1
b - Inner Flame           Hex/Fire       36%        N/A       1%          3
c - Mephitic Cloud        Conj/Pois/Air  31%        N/A       3%          3
d - Flame Wave            Conj/Fire      50%        2d9       1%          4
e - Statue Form           Tmut/Erth      30%        N/A       43%         6
f - Lee's Rapid Deconstr  Erth           22%        3d14*     9%          5

Your spell library contained the following spells:

 Spells                   Type           Power      Damage    Failure   Level
 Foxfire                  Conj/Fire      100%       2x1d9     1%          1
 Scorch                   Fire           100%       2d10      1%          2
 Wereblood                Tmut           45%        N/A       1%          2
 Conjure Flame            Conj/Fire      50%        6-21      1%          3
 Ignite Poison            Fire/Tmut/Pois 39%        N/A       1%          3
 Slow                     Hex            84%        N/A       2%          1
 Spider Form              Tmut/Pois      33%        N/A       2%          3
 Apportation              Tloc           32%        N/A       3%          1
 Summon Small Mammal      Summ           64%        N/A       3%          1
 Animate Skeleton         Necr           24%        N/A       5%          1
 Blink                    Tloc           32%        N/A       5%          2
 Call Imp                 Summ           16%        N/A       5%          2
 Ensorcelled Hibernation  Hex/Ice        32%        N/A       5%          2
 Sublimation of Blood     Necr           12%        N/A       8%          2
 Summon Guardian Golem    Hex/Summ       19%        N/A       9%          3
 Leda's Liquefaction      Hex/Erth       16%        N/A       9%          4
 Call Canine Familiar     Summ           16%        N/A       11%         3
 Airstrike                Air            10%        N/A       22%         4
 Silence                  Hex/Air        10%        N/A       54%         5
 Summon Cactus Giant      Summ           8%         N/A       99%         6
 Summon Hydra             Summ           8%         N/A       100%        7
 Ignition                 Fire           25%        3d8       100%        8


Dungeon Overview and Level Annotations

Branches:
Dungeon (11/15)            Temple (1/1) D:5            Lair (6/6) D:9
 Shoals (0/4) Lair:2       Spider (0/4) Lair:2        Sewer (visited)
 Bailey (visited)         Gauntlet (visited)
  Slime: Lair:5-6       Orc: D:9-12

Altars:
Ashenzari
Cheibriados
Dithmenos
Elyvilon
Fedhas
Gozag
Hepliaklqana
Kikubaaqudgha
Makhleb
Nemelex Xobeh
Okawaru
Qazlal
Ru
Sif Muna
Trog
Uskayaw
Vehumet
Wu Jian
Xom
Yredelemnul
Zin
The Shining One

Shops:
D:3 *

Annotations:
D:4 exclusion: statue


Innate Abilities, Weirdness & Mutations

You are completely covered in molten scales. (AC +4, rF+)
You are partially covered in sharp spines.
You cannot study or use magical devices.
You cannot train Dodging skill.
You cannot train Armour skill.
Your touch may irresistibly damage your foes and sap their willpower.


Message History

You fade into invisibility!
The minotaur throws a silver javelin.
The silver javelin completely misses you.
The minotaur hits you with the +2 executioner's axe "Fioxuad" {holy, Int+5}!!
* * * LOW HITPOINT WARNING * * *
You convulse!
* * * LOW HITPOINT WARNING * * *
The minotaur gores you but does no damage.
There is a transporter landing site here.
You feel less exhausted.
You flicker for a moment.
Found a jewelled flail.
Found a gate leading back out of this place.
The minotaur bellows!
The minotaur hits you with the +2 executioner's axe "Fioxuad" {holy, Int+5}!
* * * LOW HITPOINT WARNING * * *
You convulse.
* * * LOW HITPOINT WARNING * * *
The minotaur gores you but does no damage.
There is an open door, spattered with blood here.
There is a gate leading back out of this place here.
Items here: $ )) /// ::.
You pick up a manual of Short Blades and begin studying.
The minotaur barely misses you.
The minotaur gores you but does no damage.
You flicker back into view.
The minotaur is struck by your spines.
The minotaur hits you with the +2 executioner's axe "Fioxuad" {holy, Int+5}!
* * * LOW HITPOINT WARNING * * *
You convulse.
* * * LOW HITPOINT WARNING * * *
You focus your inner power and illuminate the minotaur in retribution!
The minotaur gores you.
* * * LOW HITPOINT WARNING * * *
Welcome back to the Lair of Beasts!
There is an empty arch of ancient stone here.
As you read the scroll of teleportation, it crumbles to dust.
You feel strangely unstable. The minotaur is struck by your spines.
The minotaur hits you with the +2 executioner's axe "Fioxuad" {holy, Int+5}!!
You die...

..#. ..... ###
..... #P###
.....####
##...###
#.....#.#
#..(...##
#.(...###
###(....#
#......###
#....## #..@H...#
#....#
#.......###....##
##.....#.###....#
###.....##P....#
#.#....###..(..#
#.....## #.(...#
##....# #....P#
##.### #....P#
#... #...##
#P....#


You could see a minotaur (corona).

Vanquished Creatures
  Gastronok (D:8)
  An orc warlord (Bailey)
  Nessos (Lair:5)
  Fannar (Lair:1)
  Erolcha (D:10)
  6 hydras
  2 two-headed ogres
  2 goliath frogs (Lair:6)
  2 wizards (Gauntlet)
  2 orc knights (Bailey)
  5 oklob plants (Lair:3)
  10 elephants
  A moth of wrath (Gauntlet)
  13 black mambas
  Joseph (D:7)
  22 cane toads
  An ice statue (Gauntlet)
  8 rime drakes
  18 komodo dragons
  A polar bear (Lair:5)
  2 trolls (D:10)
  Prince Ribbit (D:7)
  A hornet (D:9)
  8 blink frogs
  A snapping turtle (Lair:2)
  12 dream sheep
  A vampire (D:9)
  5 wyverns
  2 basilisks
  8 yaks
  2 steam dragons (D:8)
  4 redbacks (Lair:2)
  3 vampire mosquitoes (Lair:6)
  18 orc warriors
  13 water moccasins
  4 ice beasts
  2 sky beasts
  3 black bears
  5 ogres
  11 wolves
  3 phantoms
  6 centaurs
  Blork the orc (D:6)
  A kobold brigand (D:8)
  25 bullfrogs
  3 scorpions (D:5)
  2 wyvern zombies
  11 killer bees
  12 wights
  2 electric eels (Lair:4)
  5 howler monkeys
  A bullfrog zombie (D:6)
  3 centaur zombies
  2 hounds
  3 jellies
  A bullfrog skeleton (D:6)
  8 orc priests
  2 centaur skeletons (D:4)
  Ijyb (D:3)
  2 iguanas
  12 orc wizards
  3 killer bee zombies
  A hound zombie (D:5)
  A hound skeleton (D:4)
  A howler monkey skeleton (D:6)
  10 gnolls
  2 howler monkey zombies
  5 adders
  6 river rats
  2 shadow imps (Gauntlet)
  5 white imps
  An ufetubus (D:7)
  An adder skeleton (D:5)
  A worm (D:2)
  2 dart slugs
  36 orcs
  18 ball pythons
  9 bats
  12 endoplasms
  6 giant cockroaches
  19 goblins
  24 hobgoblins
  3 jackals (D:4)
  3 quokkas
  6 frilled lizards
  15 kobolds
  37 rats
  3 bushes
543 creatures vanquished.

Vanquished Creatures (others)
  A two-headed ogre (D:8)
  A bullfrog (Lair:4)
  A wight (D:9)
  39 fungi
  79 plants
121 creatures vanquished.

Grand Total: 664 creatures vanquished

Notes
Turn   | Place    | Note
-------+----------+-------------------------------------------
     0 | D:1      | Deminshera the Demonspawn Hedge Wizard began the quest for
                  | the Orb.
     0 | D:1      | Reached XP level 1. HP: 13/13 MP: 4/4
   619 | D:1      | Gained mutation: Your touch may inflict minor irresistible
                  | damage on your foes. [demonic ancestry]
   619 | D:1      | Reached XP level 2. HP: 18/19 MP: 6/6
  1278 | D:1      | Reached XP level 3. HP: 24/24 MP: 7/7
  1282 | D:1      | Learned a level 3 spell: Inner Flame
  1286 | D:1      | Learned a level 3 spell: Mephitic Cloud
  2383 | D:3      | Gained mutation: You are partially covered in sharp spines.
                  | [demonic ancestry]
  2383 | D:3      | Reached XP level 4. HP: 30/30 MP: 6/9
  2482 | D:3      | Reached skill level 1 in Hexes
  2482 | D:3      | Reached skill level 1 in Air Magic
  2482 | D:3      | Reached skill level 1 in Poison Magic
  2684 | D:3      | Reached skill level 1 in Fire Magic
  2684 | D:3      | Reached XP level 5. HP: 22/35 MP: 10/10
  2716 | D:3      | Found Uteobeuw's General Store.
  3176 | D:3      | Noticed Ijyb
  3187 | D:3      | Killed Ijyb
  3472 | D:4      | Noticed a centaur
  3482 | D:4      | Killed a centaur
  3483 | D:4      | Gained mutation: Your touch may inflict irresistible damage
                  | on your foes. [demonic ancestry]
  3483 | D:4      | Reached XP level 6. HP: 40/41 MP: 10/12
  3628 | D:4      | Noticed a sky beast
  3634 | D:4      | Killed a sky beast
  3660 | D:4      | Gained mutation: Your touch may irresistibly damage your
                  | foes and sap their willpower. [demonic ancestry]
  3660 | D:4      | Reached XP level 7. HP: 24/46 MP: 4/13
  3910 | D:4      | Reached skill level 5 in Conjurations
  4077 | D:4      | Found a radiant altar of Vehumet.
  4574 | D:5      | Entered Level 5 of the Dungeon
  4896 | D:5      | Reached skill level 1 in Fighting
  5702 | D:5      | Gained mutation: You are partially covered in molten
                  | scales. (AC +2) [demonic ancestry]
  5702 | D:5      | Reached XP level 8. HP: 56/56 MP: 9/15
  6074 | D:5      | Reached skill level 2 in Fighting
  6074 | D:5      | Reached skill level 5 in Spellcasting
  6189 | D:5      | Found a staircase to the Ecumenical Temple.
  6209 | Temple   | Entered the Ecumenical Temple
  6255 | Temple   | Became a worshipper of Ru the Awakened
  6600 | D:6      | Identified the +9 spear "Vuyduell" {vorpal, Int+5}
  6648 | D:6      | Reached skill level 3 in Fighting
  6676 | D:6      | Noticed Blork the orc
  6688 | D:6      | Killed Blork the orc
  6689 | D:6      | Reached skill level 4 in Fighting
  6776 | D:6      | Found a glowing drain.
  6780 | Sewer    | Entered a sewer
  6965 | Sewer    | Learned a level 4 spell: Flame Wave
  6965 | Sewer    | Gained mutation: You cannot train Dodging skill. [Ru
                  | sacrifice]
  6965 | Sewer    | Reached * piety under Ru
  7009 | Sewer    | Reached XP level 9. HP: 57/66 MP: 6/18
  7404 | D:6      | Found a shadowy altar of Dithmenos.
  7491 | D:6      | You fall into a shaft and drop 1 floor!
  7496 | D:7      | Reached skill level 5 in Fighting
  7536 | D:7      | Noticed Prince Ribbit
  7545 | D:7      | Killed Prince Ribbit
  7669 | D:7      | Reached skill level 6 in Fighting
  7950 | D:7      | Noticed Joseph
  7962 | D:7      | Killed Joseph
  7963 | D:7      | Reached skill level 7 in Fighting
  7989 | D:7      | Reached skill level 8 in Fighting
  8708 | D:7      | Learned a level 6 spell: Statue Form
  9262 | D:6      | Identified the +0 ring mail "Laz Wogo" {rPois rF- Dex+4}
  9346 | D:6      | Reached XP level 10. HP: 63/80 MP: 19/19
  9401 | D:6      | Found a burning altar of Makhleb.
  9993 | D:8      | Reached skill level 5 in Fire Magic
 10063 | D:8      | Gained mutation: You cannot study or use magical devices.
                  | [Ru sacrifice]
 10063 | D:8      | Reached ** piety under Ru
 10063 | D:8      | Reached *** piety under Ru
 10511 | D:8      | Noticed a two-headed ogre
 10530 | D:8      | Killed a two-headed ogre
 10581 | D:8      | Noticed Gastronok
 10622 | D:8      | Killed Gastronok
 11123 | D:8      | Reached skill level 1 in Transmutations
 11123 | D:8      | Reached skill level 1 in Earth Magic
 11444 | D:8      | Found a blossoming altar of Fedhas.
 12701 | D:9      | Gained mutation: You are mostly covered in molten scales.
                  | (AC +3) [demonic ancestry]
 12701 | D:9      | Reached XP level 11. HP: 86/86 MP: 8/20
 12743 | D:9      | Noticed a two-headed ogre
 12754 | D:9      | Killed a two-headed ogre
 13258 | D:9      | Found a staircase to the Lair.
 13352 | D:9      | Identified the +9 shortbow "Noodudea" {flame, rPois rF+
                  | rC++ Str-3}
 13988 | D:9      | Reached skill level 1 in Bows
 14458 | D:10     | Entered Level 10 of the Dungeon
 14466 | D:10     | Noticed Erolcha
 14499 | D:10     | Killed Erolcha
 14652 | D:10     | Found a flagged portal.
 14679 | Bailey   | Entered a bailey
 14837 | Bailey   | Gained mutation: You cannot train Armour skill. [Ru
                  | sacrifice]
 14837 | Bailey   | Reached **** piety under Ru
 14837 | Bailey   | Reached ***** piety under Ru
 15333 | Bailey   | Noticed an orc knight
 15356 | Bailey   | Killed an orc knight
 15357 | Bailey   | Reached skill level 5 in Bows
 15757 | Bailey   | Noticed an orc warlord
 15774 | Bailey   | Killed an orc warlord
 15868 | Bailey   | Noticed an orc knight
 15893 | Bailey   | Killed an orc knight
 16434 | Bailey   | Got the Volume of Feathers and Flames
 16567 | D:10     | Gained mutation: You are completely covered in molten
                  | scales. (AC +4, rF+) [demonic ancestry]
 16567 | D:10     | Reached XP level 12. HP: 94/94 MP: 22/22
 16574 | D:10     | Learned a level 5 spell: Lee's Rapid Deconstruction
 16640 | D:10     | Found a hide-covered altar of Uskayaw.
 17086 | D:10     | Noticed a two-headed ogre
 17095 | D:10     | Killed a two-headed ogre
 17096 | D:10     | Reached skill level 9 in Fighting
 17909 | Lair:1   | Entered Level 1 of the Lair of Beasts
 18014 | Lair:1   | Noticed Fannar
 18033 | Lair:1   | Killed Fannar
 18713 | Lair:1   | Reached XP level 13. HP: 80/102 MP: 24/24
 19379 | Lair:1   | Reached skill level 10 in Fighting
 21226 | Lair:2   | Found a staircase to the Shoals.
 21571 | Lair:2   | Reached skill level 11 in Fighting
 22421 | Lair:2   | Found a hole to the Spider Nest.
 23037 | Lair:3   | Reached skill level 10 in Spellcasting
 23182 | Lair:3   | Reached skill level 12 in Fighting
 26177 | Lair:4   | Reached skill level 13 in Fighting
 26583 | Lair:4   | Reached XP level 14. HP: 90/118 MP: 28/28
 28854 | Lair:5   | Reached skill level 14 in Fighting
 29839 | Lair:5   | Noticed Nessos
 29845 | Lair:5   | Killed Nessos
 30207 | Lair:6   | Entered Level 6 of the Lair of Beasts
 30231 | Lair:6   | Reached skill level 15 in Fighting
 30709 | Lair:6   | Found a gate leading to a gauntlet.
 30718 | Gauntlet | Entered a Gauntlet
 30718 | Gauntlet | Found a transporter.
 30718 | Gauntlet | Found a transporter.
 30907 | Gauntlet | Found a transporter.
 30911 | Gauntlet | Found a transporter.
 30919 | Gauntlet | Found a transporter.
 30923 | Gauntlet | Found a transporter.
 30931 | Gauntlet | Found a transporter.
 30946 | Gauntlet | Found a runed translucent gate.
 30947 | Gauntlet | Found a transporter.
 30947 | Gauntlet | Found a runed translucent gate.
 30948 | Gauntlet | Found a runed translucent gate.
 30961 | Gauntlet | Found a transporter.
 30965 | Gauntlet | Found a transporter.
 30973 | Gauntlet | Found a transporter.
 30977 | Gauntlet | Found a transporter.
 31233 | Gauntlet | Identified the +9 trident of Intimidation {pain, rF+ Str+3}
 31350 | Gauntlet | Identified the ring "Luitemoh" {rElec rPois Dex+3 SInv}
 31366 | Gauntlet | Identified the +2 executioner's axe "Fioxuad" {holy, Int+5}
 31402 | Gauntlet | Identified the +9 flail of Revolt {vorpal, MP+9 Int+3
                  | Dex-2}
 31406 | Lair:6   | Mangled by a minotaur

Illustrated notes

Levels and vault maps discovered:
D:1:      minmay_arrival_widening_spiral_wide, layout_loops_corners
D:2:      layout_basic, minmay_box_of_dots
D:3:      layout_loops_ring, serial_shops, nicolae_shop_waterfront,
          chequers_serial_rivers_micro_c, uniq_ijyb
D:4:      layout_basic, vehumet_statue
D:5:      layout_gridville, minmay_temple_entry_statues, serial_glass,
          glass_columns_a, glass_columns_a, due_unseen_surprise,
          minmay_strange_pillars, minmay_strange_pillars, minmay_strange_pillars
D:6:      layout_gridville, makhleb_blood_cavern_becter,
          mainiacjoe_overflow_cross_hatched, gup_sewer_entry_spiral,
          uniq_blork_the_orc
D:7:      layout_basic, st_stairs_4, grunt_ministairs_15, nrook_campfire,
          hangedman_decor_riveting, serial_park_tiny_2,
          minmay_misc_feat_more_columns, uniq_joseph, uniq_prince_ribbit1
D:8:      layout_layer_cave, fedhas_ov_isle_minmay, minmay_alternating_orb,
          uniq_gastronok
D:9:      layout_loops_ring, lair_entry_dummy
D:10:     layout_gridville, gammafunk_temple_overflow_pools, enter_bailey_4,
          grunt_decor_one_mirror, uniq_erolcha
D:11:     erik_rubicon_a, layout_long_grid
Temple:   lightli_temple_of_artemis
Lair:1:   layout_small_grid, uniq_fannar
Lair:2:   nzn_winding_woodlands_stair_cross [nzn_winding_woodlands_5x15_crooked,
          nzn_winding_woodlands_center_diamonds,
          nzn_winding_woodlands_5x15_sawtooth,
          nzn_winding_woodlands_5x5_open_star,
          nzn_winding_woodlands_5x5_checkerboard,
          nzn_winding_woodlands_5x15_twine,
          nzn_winding_woodlands_center_pierced_h,
          nzn_winding_woodlands_5x15_jagged], layout_long_grid,
          minmay_shoals_entry_hut, spider_nest_entry_webs,
          grunt_forest_small_clearings
Lair:3:   minmay_lair_oklob_chamber, layout_cave_pods, st_stairs_5,
          grunt_megastairs_5, lemuel_fruit_tree
Lair:4:   layout_cave_shapes, nzn_random_ring, serial_bayou_shore_a
Lair:5:   layout_regular_city, grunt_megastairs_2, uniq_nessos
Lair:6:   minmay_lair_end_frog_pond, layout_concentric_octagons, slime_altar_1,
          gauntlet_entry_generic, infiniplex_staircase_pool_2

Skill      XL: |  1  2  3  4  5  6  7  8  9 10 11 12 13 14 |
---------------+-------------------------------------------+-----
Stealth        | 2 |  2.0
Dodging        | 2 0 |  0.0
Conjurations   | 2 3 4 6 7 8 |  8.0
Hexes          | 1 2 |  2.0
Air Magic      | 1 2 |  2.0
Poison Magic   | 1 2 |  2.0
Fire Magic     | 1 2 4 8 |  8.0
Spellcasting   | 4 6 7 10 | 10.0
Fighting       | 1 4 8 9 13 15 | 15.0
Transmutations | 3 6 |  6.8
Earth Magic    | 3 6 |  6.8
Bows           | 5 8 |  8.6
Summonings     | |  1.0
Translocations | |  0.8

Action                   |  1- 3 |  4- 6 |  7- 9 | 10-12 | 13-15 || total
-------------------------+-------+-------+-------+-------+-------++-------
Melee: Dagger            |    65 |       |       |       |       ||    65
       Touch             |     7 |     8 |    24 |    14 |       ||    53
       Whip              |    16 |    72 |    47 |       |       ||   135
       Punch             |       |     3 |     1 |       |       ||     4
       Spear             |       |       |   140 |    99 |       ||   239
 Fire: Shortbow          |       |       |       |   175 |   230 ||   405
 Cast: Magic Dart        |    70 |    27 |    51 |    63 |       ||   211
       Mephitic Cloud    |       |     1 |     5 |    24 |     3 ||    33
       Inner Flame       |       |     3 |    28 |    90 |   150 ||   271
       Flame Wave        |       |       |       |    10 |    13 ||    23
       Lee's Rapid Decon |       |       |       |    21 |    64 ||    85
Invok: Sacrifice Nimblen |       |       |     1 |       |       ||     1
       Sacrifice Artific |       |       |       |     1 |       ||     1
       Draw Out Power    |       |       |       |     1 |     1 ||     2
       Apocalypse        |       |       |       |     1 |     1 ||     2
       Sacrifice Durabil |       |       |       |     1 |       ||     1
       Reject Sacrifices |       |       |       |       |     2 ||     2
       Power Leap        |       |       |       |       |     2 ||     2
  Use: Scroll            |       |     8 |     8 |    13 |     6 ||    35
       Potion            |       |       |       |     1 |     1 ||     2
 Stab: Sleeping          |    10 |     1 |     2 |     1 |       ||    14
       Confused          |       |     1 |     2 |     4 |       ||     7
       Distracted        |       |       |     1 |       |       ||     1
Armor: Robe              |    15 |     8 |    41 |    58 |   102 ||   224
Dodge: Dodged            |    46 |    39 |    95 |    74 |   107 ||   361

Table legend: (Time is in decaauts)
 A = Elapsed time spent in this place.
 B = Non-inter-level travel time spent in this place.
 C = Inter-level travel time spent in this place.
 D = Time resting spent in this place.
 E = Time spent auto-exploring this place.
 F = Levels seen in this place.
 G = Mean time per level.
                   A        B        C        D        E       F      G
               +--------+--------+--------+--------+--------+-----+--------+
         Total |  32330 |  31091 |   1239 |  15690 |  11495 |  21 | 1539.5 |
       Dungeon |  15869 |  14848 |   1021 |   6221 |   6620 |  11 | 1442.6 |
        Temple |     54 |     47 |      7 |      0 |      2 |   1 |   54.0 |
          Lair |  13296 |  13085 |    211 |   7570 |   4359 |   6 | 2216.0 |
         Sewer |    469 |    469 |      0 |    171 |    144 |   1 |  469.0 |
        Bailey |   1921 |   1921 |      0 |   1343 |    259 |   1 | 1921.0 |
      Gauntlet |    718 |    718 |      0 |    384 |    108 |   1 |  718.0 |
               +--------+--------+--------+--------+--------+-----+--------+

Top non-repeatable levels by time:
  Lair:4: 3169 daAuts
     D:8: 2985 daAuts
  Lair:3: 2847 daAuts
  Lair:2: 2765 daAuts
  Lair:1: 2689 daAuts
     D:5: 2056 daAuts
  Bailey: 1921 daAuts
     D:9: 1896 daAuts
     D:7: 1891 daAuts
     D:1: 1660 daAuts
  Lair:5: 1631 daAuts
    D:10: 1556 daAuts
     D:4: 1221 daAuts
     D:3: 1102 daAuts
     D:6: 834 daAuts
